Map: Central Protocol

Players

EmperorXPn - Winner!

  • Race: Terran Terran

Toons

  • Race: Protoss Protoss
  • League: Platinum

VOD

Have the link to the VOD?

Description

Time

  • Played on: Feb. 5, 2016, 3:07 a.m.
  • Length: 10:25
Show
View Real Time Build Order
Export as new Build Order

EmperorXPn Terran - Winner!

Build Orders: MMM Bio 

Get SALT Encoding   

  12  0:01  SCV  
  13  0:13  SCV  
  14  0:19  Supply Depot  
  14  0:25  SCV  
  15  0:41  SCV  
  16  0:44  Barracks  
  16  0:47  Refinery  
  16  0:53  SCV  
  17  1:05  SCV  
  18  1:17  SCV  
  20  1:33  Barracks Reactor  
  20  1:36  Orbital Command  
  19  1:47  Command Center  
  19  2:02  Supply Depot, SCV  
  20  2:10  Marine x2  
  20  2:15  Factory  
  22  2:19  SCV  
  22  2:22  Refinery  
  23  2:28  Marine x2  
  25  2:32  SCV  
  26  2:44  SCV  
  26  2:51  Marine x2  
  26  2:57  SCV  
  29  3:00  Orbital Command  
  29  3:01  Factory Tech Lab  
  29  3:11  Bunker  
  29  3:12  SCV  
  30  3:21  Cyclone  
  30  3:24  SCV  
  30  3:26  SCV  
  35  3:36  SCV  
  35  3:38  SCV  
  37  3:44  Command Center  
  37  3:48  SCV  
  37  3:50  SCV  
  37  3:54  Supply Depot  
  39  3:56  Cyclone  
  42  4:03  SCV x2  
  44  4:15  Engineering Bay  
  44  4:20  SCV x2  
  44  4:22  Refinery  
  44  4:23  Refinery  
  46  4:32  SCV  
  46  4:33  SCV  
  48  4:44  Barracks  
  48  4:47  Barracks  
  48  4:48  Starport  
  48  4:51  Factory Reactor  
  48  4:52  SCV x2  
  50  4:53  Engineering Bay  
  50  4:59  Orbital Command  
  50  5:04  Marine, SCV x2  
  50  5:05  Marine  
  54  5:16  SCV x2  
  56  5:25  Terran Infantry Armor Level 1, Terran Infantry Weapons Level 1  
  56  5:26  SCV  
  57  5:28  SCV  
  57  5:29  SCV  
  57  5:31  Starport  
  59  5:35  Stimpack  
  59  5:36  Barracks  
  59  5:39  Barracks  
  59  5:42  Barracks Tech Lab, Factory Reactor  
  59  5:44  Marauder  
  59  5:49  SCV x2  
  63  5:50  Orbital Command  
  63  5:51  Supply Depot  
  63  5:52  Supply Depot  
  63  5:56  Medivac  
  63  5:57  Medivac  
  67  6:01  Marauder  
  69  6:05  Concussive Shells  
  69  6:12  Marauder, SCV x2  
  69  6:15  Supply Depot  
  69  6:18  Supply Depot  
  73  6:22  Marine x2  
  73  6:23  Marauder  
  77  6:26  Barracks Tech Lab  
  77  6:28  Barracks Reactor  
  77  6:29  Armory  
  77  6:30  SCV x2  
  77  6:31  SCV  
  80  6:34  Marauder  
  80  6:39  Barracks  
  82  6:41  Barracks  
  82  6:48  Combat Shields, Marauder  
  82  6:50  SCV x3  
  87  6:55  Supply Depot  
  87  6:57  Supply Depot  
  87  7:02  Marauder, SCV  
  87  7:03  Marauder, Marine x2  
  87  7:04  Marine  
  87  7:07  Marine  
  96  7:10  Marauder  
  96  7:13  SCV  
  96  7:14  SCV  
  100  7:16  Medivac x3  
  100  7:17  Medivac  
  100  7:19  Supply Depot  
  100  7:21  Supply Depot  
  108  7:28  SCV x3  
  110  7:38  Supply Depot  
  108  7:46  Marauder x3, Barracks Tech Lab  
  108  7:48  Barracks Reactor  
  108  7:50  Barracks  
  113  7:52  Barracks  
  113  7:53  Terran Infantry Weapons Level 2, Terran Infantry Armor Level 2  
  113  7:56  SCV  
  113  7:57  Refinery x2, SCV x2  
  116  8:00  Supply Depot  
  116  8:06  Supply Depot  
  116  8:14  Terran Vehicle And Ship Armor Level 1  
  116  8:15  Marauder x4  
  116  8:16  Marine x3  
  116  8:17  Marine  
  128  8:22  SCV x3  
  127  8:36  Marauder  
  127  8:37  Marauder x3  
  133  8:43  Marine x4  
  133  8:46  Liberator x2, Marine x3  
  139  8:51  Liberator  
  135  8:55  Marine  
  135  8:58  Marauder x3  
  135  9:00  Marine  
  135  9:01  Liberator  
  145  9:19  Marauder x3  
  145  9:22  Barracks Tech Lab, Barracks Reactor  
  154  9:29  Supply Depot  
  154  9:32  Supply Depot  
  154  9:33  Supply Depot  
  154  9:45  Command Center  
  154  9:51  SCV x2  
  138  10:18  Barracks Tech Lab  
Show
View Real Time Build Order
Export as new Build Order

Toons Protoss 

Build Orders:  

Get SALT Encoding   

  12  0:01  Probe (Chrono Boost)  
  13  0:11  Probe (Chrono Boost)  
  14  0:18  Pylon  
  14  0:26  Probe (Chrono Boost)  
  15  0:37  Probe (Chrono Boost)  
  15  0:39  Gateway  
  16  0:43  Assimilator  
  16  0:47  Probe (Chrono Boost)  
  17  0:58  Probe (Chrono Boost)  
  18  1:08  Probe (Chrono Boost)  
  19  1:19  Probe (Chrono Boost)  
  19  1:23  Pylon  
  20  1:27  Cybernetics Core  
  20  1:31  Probe (Chrono Boost)  
  21  1:42  Probe (Chrono Boost)  
  22  1:54  Nexus  
  22  1:57  Probe (Chrono Boost)  
  23  2:03  Warp Gate  
  23  2:07  Adept  
  25  2:09  Probe (Chrono Boost)  
  26  2:21  Probe (Chrono Boost)  
  27  2:25  Pylon  
  27  2:28  Assimilator  
  27  2:33  Probe (Chrono Boost)  
  27  2:34  Adept  
  29  2:49  Probe (Chrono Boost)  
  30  3:00  Robotics Facility, Probe (Chrono Boost)  
  30  3:04  Gateway  
  31  3:08  Probe (Chrono Boost)  
  31  3:10  Probe (Chrono Boost)  
  33  3:18  Sentry  
  33  3:19  Probe (Chrono Boost)  
  36  3:23  Pylon  
  36  3:29  Probe (Chrono Boost)  
  36  3:30  Mothership Core (Chrono Boost)  
  39  3:41  Probe (Chrono Boost)  
  40  3:44  Assimilator  
  40  3:51  Probe x2 (Chrono Boost)  
  40  4:05  Probe (Chrono Boost)  
  40  4:06  Probe (Chrono Boost)  
  42  4:11  Forge  
  42  4:12  Observer  
  42  4:14  Pylon  
  43  4:17  Stalker  
  43  4:19  Probe (Chrono Boost)  
  43  4:20  Probe (Chrono Boost)  
  45  4:29  Gateway  
  45  4:32  Pylon, Probe x2 (Chrono Boost)  
  45  4:34  Immortal  
  51  4:40  Stalker x2  
  51  4:43  Probe (Chrono Boost)  
  56  4:46  Probe (Chrono Boost)  
  57  4:56  Assimilator, Probe x2 (Chrono Boost)  
  59  5:13  Stalker x2  
  63  5:14  Probe x2 (Chrono Boost)  
  63  5:17  Pylon  
  65  5:35  Probe (Chrono Boost), Protoss Ground Weapons Level 1 (Chrono Boost)  
  65  5:37  Probe  
  65  5:38  Observer  
  65  5:42  Pylon  
  68  5:48  Probe, Gateway  
  69  5:50  Probe  
  69  5:51  Gateway  
  69  5:52  Pylon  
  70  5:59  Stalker x3  
  80  6:04  Immortal  
  80  6:05  Probe  
  80  6:06  Probe  
  82  6:12  Pylon  
  82  6:22  Probe  
  82  6:23  Probe  
  84  6:31  Zealot x3  
  90  6:36  Probe, Nexus  
  90  6:38  Probe  
  92  6:51  Probe  
  92  6:52  Probe  
  94  6:55  Warp Prism  
  96  7:02  Pylon  
  96  7:08  Zealot x5  
  102  7:09  Photon Cannon  
  102  7:11  Probe  
  102  7:13  Probe  
  108  7:21  Twilight Council  
  108  7:26  Protoss Ground Armor Level 1 (Chrono Boost)  
  108  7:53  Stalker x5  
  118  8:01  Probe x2  
  118  8:03  Probe  
  121  8:21  Zealot  
  121  8:22  Zealot x4  
  131  8:27  Charge  
  131  8:28  Nexus  
  129  8:36  Pylon  
  129  8:38  Pylon  
  129  8:43  Stalker x3  
  129  8:44  Stalker  
  131  8:54  Pylon  
  131  8:56  Pylon  
  131  9:00  Pylon  
  131  9:01  Zealot  
  127  9:03  Photon Cannon  
  118  9:13  Zealot x4  
  124  9:26  Templar Archives  
  124  9:29  Pylon  
  124  9:35  Zealot x2  
  124  9:36  Zealot x3  
  134  9:41  Photon Cannon  
  134  9:43  Photon Cannon  
  134  9:44  Photon Cannon  
  122  9:58  Zealot  
  122  9:59  Zealot x4  
Tags
 
Composition
MMM Bio
League
Platinum
Matchup
PvT
Replay Pack
toons-pack1
Add a new tag
Caveats
  • Supply blocks, unpowered buildings, or Contaminate may cause inaccurate times.
  • Supply counts are checked every 10 seconds.